 Dungeon Crawl Stone Soup version 0.25-a0-1024-gbfbf38f2cb (webtiles) character file.

Game seed: 3737073972956808140, levelgen mode: deterministic

36 wullow the Stinger (level 3, -10/24 HPs)
             Began as a Demonspawn Venom Mage on May 12, 2020.
             Mangled by an ogre
             ... wielding a +0 giant club
              (22 damage)
             ... on level 2 of the Dungeon.
             The game lasted 00:04:13 (1472 turns).

wullow the Stinger (Demonspawn Venom Mage)          Turns: 1472, Time: 00:04:14

Health: -10/24     AC:  2    Str:  8    XL:     3   Next: 19%
Magic:  3/6        EV: 12    Int: 17    God:
Gold:   61         SH:  0    Dex: 13    Spells: 2/6 levels left

rFire    . . .     SeeInvis .   d - +0 dagger (flame)
rCold    . . .     Gourm    .   (no shield)
rNeg     . . .     Faith    .   a - +0 robe
rPois    .         Spirit   .   (no helmet)
rElec    .         Reflect  .   (no cloak)
rCorr    .         Harm     .   (no gloves)
MR       .....                  (no boots)
Stlth    ++........             i - amulet of rage
HPRegen  0.08/turn              (no ring)
MPRegen  0.10/turn              (no ring)

@: no status effects
A: foul stench 1, rot immunity
a: Evoke Berserk Rage


You were on level 2 of the Dungeon.
You were not hungry.

You visited 1 branch of the dungeon, and saw 3 of its levels.

You collected 61 gold pieces.

Inventory:

Hand Weapons
 d - a +0 dagger of flaming (weapon)
Missiles
 b - 8 sling bullets
 j - 10 stones (quivered)
Armour
 a - a +0 robe (worn)
Jewellery
 i - an amulet of rage (around neck)
Scrolls
 e - a scroll of blinking {unknown}
 f - 2 scrolls of identify {unknown}
 k - a scroll of fog {unknown}
 l - a scroll of amnesia {unknown}
Potions
 g - a potion of lignification {unknown}
 h - a potion of brilliance {unknown}
 m - a potion of degeneration {unknown}
Comestibles
 c - 3 rations


   Skills:
 - Level 1.7 Dodging
 - Level 1.7 Stealth
 + Level 2.3 Spellcasting
 * Level 0.1 Conjurations
 * Level 2.1 Transmutations
 * Level 0.1 Air Magic
 + Level 3.3 Poison Magic


You had 2 spell levels left.
You knew the following spells:

 Your Spells              Type           Power        Failure   Level  Hunger
a - Sting                 Tmut/Pois      ##..         6%          1    #......
b - Mephitic Cloud        Conj/Pois/Air  #.......     34%         3    ###....

Your spell library contained the following spells:

 Spells                   Type           Power        Failure   Level  Hunger
 Poisonous Vapours        Pois/Air       #.....       14%         2    ##.....
 Ignite Poison            Fire/Tmut/Pois #.......     26%         3    ###....
 Olgreb's Toxic Radiance  Pois           ##......     43%         4    #####..


Dungeon Overview and Level Annotations

Branches:
Dungeon (3/15)

Altars:


Innate Abilities, Weirdness & Mutations

You may emit foul miasma when damaged in melee.
You are immune to rotting.


Message History

The ogre is lightly wounded.
The ogre hits you with a +0 giant club!
Ouch! That really hurt!
A rat comes into view.
Found 9 gold pieces.
Found a ration and a whip.
You see here a club.
The ogre looks more healthy.
You see here a jackal corpse.
You see here a club.
Casting: Sting (safe; 6% risk of failure)
Confirm with . or Enter, or press ? or * to list all spells.
Aiming: Sting (safe; 6% risk of failure)
Press: ? - help, Shift-Dir - straight line, f/p - ogre
Aim: an ogre, wielding a +0 giant club (lightly wounded)
The sting hits the ogre.
The ogre is poisoned.
The ogre is moderately wounded.
The ogre hits you with a +0 giant club!!
Ouch! That really hurt!
You die...

### ## ##..%. #
..#. # #. #..
.###
#..#####.#####...
........r..#...
#.##.#O##.#.#
#.@##..>#
#$#.###.##
#.#.†r..#
)#..##### ##.#.#
.....# #.#.#..#
.. ...... #
#####..


You could see an ogre (poisoned) and a rat.

Vanquished Creatures
  An ooze (D:1)
  2 dart slugs (D:1)
  An orc (D:3)
  A giant cockroach (D:2)
  A goblin (D:1)
  5 hobgoblins (D:1)
  A jackal (D:2)
  3 bats (D:1)
  6 frilled lizards
  4 kobolds
  3 rats (D:1)
28 creatures vanquished.

Notes
Turn   | Place    | Note
-------+----------+-------------------------------------------
     0 | D:1      | wullow the Demonspawn Venom Mage began the quest for the
                  | Orb.
     0 | D:1      | Reached XP level 1. HP: 13/13 MP: 3/3
    23 | D:1      | Reached skill level 1 in Transmutations
   285 | D:1      | Gained mutation: You are immune to rotting. [demonic
                  | ancestry]
   285 | D:1      | Reached XP level 2. HP: 6/19 MP: 0/5
  1119 | D:1      | Gained mutation: You may emit foul miasma when damaged in
                  | melee. [demonic ancestry]
  1119 | D:1      | Reached XP level 3. HP: 23/24 MP: 6/6
  1124 | D:1      | Learned a level 3 spell: Mephitic Cloud
  1323 | D:2      | You fall into a shaft and drop 1 floor!
  1448 | D:2      | Noticed an ogre
  1472 | D:2      | Mangled by an ogre

Illustrated notes

Levels and vault maps discovered:
D:1:      dpeg_arrival_arbitrary_b, layout_basic, st_stairs_7,
          serial_bayou_crossing
D:2:      layout_loops_ring, fiery_altar_vehumet, first_ration,
          minmay_small_reverse_x
D:3:      layout_loops_corners, lemuel_doored_altar, uniq_ijyb,
          uniq_crazy_yiuf_cottage, uniq_natasha

Skill      XL: |  1  2 |
---------------+-------+-----
Transmutations | 1 2 |  2.1
Dodging        | |  1.7
Stealth        | |  1.7
Spellcasting   | |  2.3
Conjurations   | |  0.1
Air Magic      | |  0.1
Poison Magic   | |  3.3

Action                   || total
-------------------------++-------
Melee: Dagger            ||    56
 Cast: Sting             ||    25
  Eat: Chunk             ||     2
Armor: Robe              ||    10
Dodge: Dodged            ||    42

Table legend:
 A = Non-vault XP
 B = Vault XP
 C = Vault XP percentage of total XP
 D = Non-vault monster count
 E = Vault monster count
 F = Vault count percentage of total count
                 A         B        C        D         E       F
            +---------+---------+-------+---------+---------+-------
      Total |      46 |       6 |  11.5 |      24 |       4 |  14.3
            +---------+---------+-------+---------+---------+-------
        D:1 |      38 |       3 |   7.3 |      19 |       2 |   9.5
        D:2 |       3 |       3 |  50.0 |       2 |       2 |  50.0
        D:3 |       5 |       0 |   0.0 |       3 |       0 |   0.0
            +---------+---------+-------+---------+---------+-------
